 Dungeon Crawl Stone Soup version 0.27-a0-1416-g941b2bd30b (webtiles) character file.

Game seed: 5535287215172647348

28 sokol815 the Sneak (level 3, 0/21 HPs)
             Began as an Octopode Earth Elementalist on July 2, 2021.
             Frozen to death by an endoplasm (5 damage)
             ... on level 1 of the Dungeon.
             The game lasted 00:01:54 (698 turns).

sokol815 the Sneak (Octopode Earth Elementalist)     Turns: 698, Time: 00:01:55

Health: 0/21       AC:  1    Str:  7    XL:     3   Next: 12%
Magic:  6/6        EV: 17    Int: 17    God:
Gold:   134        SH:  0    Dex: 13    Spells: 5/6 levels left

rFire    . . .     SeeInvis .   a - +0 dagger
rCold    . . .     Faith    .   (no shield)
rNeg     . . .     Spirit   .   (helmet restricted)
rPois    .         Reflect  .   (no amulet)
rElec    .         Harm     .   E - +4 ring of evasion
rCorr    .         Rampage  .   (no ring)
Will     .....                  (no ring)
Stlth    ++++......             (no ring)
HPRegen  0.07/turn              (no ring)
MPRegen  0.10/turn              (no ring)
                                (no ring)
                                (no ring)

@: no status effects
A: almost no armour, amphibious, 8 rings, camouflage 1, gelatinous body 1,
(nimble swimmer 1), tentacles
a: no special abilities


You were on level 1 of the Dungeon.
You visited 1 branch of the dungeon, and saw 1 of its levels.

You collected 134 gold pieces.

Inventory:

Hand Weapons
 a - a +0 dagger (weapon)
   (You took it off a goblin on level 1 of the Dungeon)
 b - a +0 mace
   (You found it on level 1 of the Dungeon)
Missiles
 s - 49 stones
Jewellery
 E - a +4 ring of evasion (left tentacle)
   (You found it on level 1 of the Dungeon)
Scrolls
 c - a scroll of fear {unknown}


   Skills:
 + Level 1.2 Short Blades
 - Level 2.0 Dodging
 * Level 4.4 Stealth
 - Level 2.0 Spellcasting
 - Level 1.0 Transmutations
 - Level 3.0 Earth Magic


You had 5 spell levels left.
You knew the following spells:

 Your Spells              Type           Power      Damage    Failure   Level
a - Sandblast             Erth           22%        2d7       5%          1

Your spell library contained the following spells:

 Spells                   Type           Power      Damage    Failure   Level
 Passwall                 Tmut/Erth      6%         N/A       13%         2
 Wereblood                Tmut           5%         N/A       19%         2
 Blink                    Tloc           N/A        N/A       28%         2
 Sublimation of Blood     Necr           0%         N/A       28%         2
 Stone Arrow              Conj/Erth      12%        3d7       30%         3
 Petrify                  Tmut/Erth      8%         N/A       63%         4
 Lee's Rapid Deconstruct  Erth           5%         3d7*      83%         5
 Manifold Assault         Tloc           1%         N/A       99%         5
 Storm Form               Tmut/Air       1%         N/A       100%        7
 Summon Hydra             Summ           0%         N/A       100%        7


Dungeon Overview and Level Annotations

Branches:
Dungeon (1/15)

Altars:

Shops:
D:1 :


Innate Abilities, Weirdness & Mutations

You cannot wear most types of armour.
You are amphibious.
You can wear up to eight rings at the same time.
Your skin changes colour to match your surroundings (Stealth+).
Your rubbery body absorbs attacks. (AC +1, EV +1)
((You are camouflaged near water. (Stealth+)))
You have tentacles for arms and can constrict up to eight enemies at once.


Message History

You pick up a book of Blood and begin reading...
You add the spells Sublimation of Blood, Wereblood and Summon Hydra to your library.
A rat comes into view.
The helpless rat fails to defend itself.
You puncture the rat!
You kill the rat!
No target in view!
A gnoll comes into view. It is wielding a +0 club.
The helpless gnoll fails to defend itself.
You puncture the gnoll! Your grab misses the gnoll.
The gnoll completely misses you.
You hit the gnoll. Your grab misses the gnoll. You squeeze the gnoll.
You kill the gnoll!
Your Short Blades skill increases to level 1!
Your Stealth skill increases to level 4!
No target in view!
No target in view!
You see here a +0 club.
A hobgoblin comes into view.
The helpless hobgoblin fails to defend itself.
You puncture the hobgoblin!
You kill the hobgoblin!
You have reached level 3!
Your experience leads to an increase in your attributes!
Increase (s)trength, (i)ntelligence, or (d)exterity?
You feel agile.
Health restored: 21; MP restored: 6
s - 49 stones (gained 21)
A bat comes into view.
The bat closely misses you.
You miss the bat. You grab the bat. You constrict the bat. The bat hits you.
The bat hits you but does no damage. The bat closely misses you.
You take 1 damage, and have 20/21 hp.
You closely miss the bat. You squeeze the bat.
You kill the bat!
No target in view!
You see here a bat corpse.
A jackal comes into view.
Health restored: 21 A jackal comes into view.
A frilled lizard comes into view.
The frilled lizard hisses angrily.
The jackal barks! x2
A kobold comes into view. It is wielding a +0 dagger.
The jackal bites you.
An endoplasm comes into view.
You take 3 damage, and have 18/21 hp.
The jackal bites you. The jackal barely misses you.
You take 1 damage, and have 17/21 hp.
The jackal closely misses you.
You hit the jackal but do no damage. You grab the jackal.
You constrict the jackal, but do no damage.
The jackal completely misses you.
You hit the jackal.
You squeeze the jackal, but do no damage.
You constrict the jackal, but do no damage.
The jackal misses you.
You hit the jackal.
You constrict the jackal, but do no damage.
The jackal closely misses you. The jackal misses you.
You hit the jackal.
You kill the jackal!
The jackal closely misses you.
You closely miss the jackal. You grab the jackal.
You constrict the jackal, but do no damage.
The jackal completely misses you.
You hit the jackal. Your squeeze misses the jackal.
You constrict the jackal, but do no damage.
The jackal barely misses you.
You barely miss the jackal. You constrict the jackal. The jackal misses you.
The jackal bites you but does no damage.
You hit the jackal but do no damage.
You constrict the jackal, but do no damage.
The jackal bites you.
You take 2 damage, and have 16/21 hp.
You hit the jackal.
You kill the jackal!
You completely miss the frilled lizard. Your grab misses the frilled lizard.
The frilled lizard bites you but does no damage.
You hit the frilled lizard. You grab the frilled lizard.
Your squeeze misses the frilled lizard. You constrict the frilled lizard.
You kill the frilled lizard!
You hit the endoplasm but do no damage. You squeeze the endoplasm.
The endoplasm freezes you.
You are frozen.
You take 5 damage, and have 11/21 hp.
MASSIVE DAMAGE!!
You barely miss the endoplasm. The endoplasm freezes you.
You are frozen.
You take 4 damage, and have 7/21 hp.
You hit the endoplasm. The endoplasm freezes you.
You are frozen.
* * * LOW HITPOINT WARNING * * *
You take 2 damage, and have 5/21 hp.
You hit the endoplasm. The endoplasm closely misses you.
You hit the endoplasm but do no damage. The endoplasm freezes you.
You are frozen.
You die...

#.........##.# ##
#########.##.#
#........ #.
#########.##.#
#.J...... #.
..).....#.##.#
#........ #.
#######.#..#.#
#........ #. #.##.#.#
#........ #. #.##.#.#
#........ ##
#.##.#.######........
#.##.#....@JK...#
#.##.############
#.##.....##
#.........#
###########


You could see an endoplasm and a kobold.

Vanquished Creatures
  A gnoll (D:1)
  A dart slug (D:1)
  2 bats (D:1)
  An endoplasm (D:1)
  A goblin (D:1)
  A hobgoblin (D:1)
  2 jackals (D:1)
  A kobold (D:1)
  A ball python (D:1)
  4 frilled lizards (D:1)
  2 rats (D:1)
17 creatures vanquished.

Notes
Turn   | Place    | Note
-------+----------+-------------------------------------------
     0 | D:1      | sokol815 the Octopode Earth Elementalist began the quest
                  | for the Orb.
     0 | D:1      | Reached XP level 1. HP: 11/11 MP: 3/3
    91 | D:1      | Found a faded altar of an unknown god.
   102 | D:1      | Reached skill level 3 in Stealth
   323 | D:1      | Found Giruoj's Book Shoppe.
   386 | D:1      | Reached XP level 2. HP: 16/17 MP: 5/5
   609 | D:1      | Reached skill level 1 in Short Blades
   609 | D:1      | Reached skill level 4 in Stealth
   621 | D:1      | Reached XP level 3. HP: 21/21 MP: 6/6
   696 | D:1      | HP: 5/21 [frozen (2)]
   698 | D:1      | Frozen to death by an endoplasm

Illustrated notes

Levels and vault maps discovered:
D:1:      psy_arrival_conway, layout_basic, serial_shops, shop_coins,
          hellmonk_ecumenical_altar_heavens_door

Skill      XL: |  1  2 |
---------------+-------+-----
Stealth        | 3 4 |  4.4
Short Blades   | 1 |  1.2
Dodging        | |  2.0
Spellcasting   | |  2.0
Transmutations | |  1.0
Earth Magic    | |  3.0

Action                   || total
-------------------------++-------
Melee: Dagger            ||    35
       Mace              ||     6
       Tentacles         ||     7
       Constrict         ||     7
Throw: Stone             ||     7
 Stab: Sleeping          ||     6
Armor: Skin              ||     4
Dodge: Dodged            ||    26

Table legend: (Time is in decaauts)
 A = Elapsed time spent in this place.
 B = Non-inter-level travel time spent in this place.
 C = Inter-level travel time spent in this place.
 D = Time resting spent in this place.
 E = Time spent auto-exploring this place.
 F = Levels seen in this place.
 G = Mean time per level.
                   A        B        C        D        E       F      G
               +--------+--------+--------+--------+--------+-----+--------+
         Total |    698 |    698 |      0 |      0 |    565 |   1 |  698.0 |
       Dungeon |    698 |    698 |      0 |      0 |    565 |   1 |  698.0 |
               +--------+--------+--------+--------+--------+-----+--------+

Top non-repeatable levels by time:
     D:1: 698 daAuts

Table legend:
 A = Kills in this place as a percentage of kills in entire the game.
 B = Kills by you in this place as a percentage of kills by you in the entire game.
 C = Kills by friends in this place as a percentage of kills by friends in the entire game.
 D = Other kills in this place as a percentage of other kills in the entire game.
 E = Experience gained in this place as a percentage of experience gained in the entire game.
 F = Experience gained in this place divided by the number of levels of this place that you have seen.
                   A       B       C       D       E      F
               +-------+-------+-------+-------+-------+----------------------
         Total | 100.0 | 100.0 |   N/A |   N/A | 100.0 |  40.0
       Dungeon | 100.0 | 100.0 |   N/A |   N/A | 100.0 |  40.0
               +-------+-------+-------+-------+-------+----------------------
